 Dungeon Crawl Stone Soup version 0.29.1-2-gbd0b4ee654 (webtiles) character file.

Game seed: 8353915319978195793

10511 DildoBatman the Blocker (level 11, -13/84 HPs)
             Began as a Formicid Conjurer on Nov 24, 2022.
             Was a Priest of Kikubaaqudgha.
             Engulfed by a steam dragon's steam (17 damage)
             ... on level 10 of the Dungeon.
             The game lasted 00:38:03 (10569 turns).

DildoBatman the Blocker (Formicid Conjurer)        Turns: 10569, Time: 00:38:04

Health: -13/84     AC:  9    Str: 14    XL:     11   Next: 94%
Magic:  18/21      EV: 17    Int: 22    God:    Kikubaaqudgha [***...]
Gold:   361        SH: 11    Dex: 16    Spells: 7/24 levels left

rFire   . . .      SeeInvis +   a - +7 lajatang of Waneot {vorpal, +Blink rPois rC+ Str+4}
rCold   + . .      Faith    .   M - +0 kite shield "Kisavux" {rN+}
rNeg    + . .      Spirit   .   o - +0 troll leather armour
rPois   +          Reflect  .   (helmet unavailable)
rElec   .          Harm     .   g - +0 cloak
rCorr   .          Rampage  .   A - +0 pair of gloves
Will    ++...      Clarity  +   i - +0 pair of boots
Stlth   ++........              (no amulet)
HPRegen 0.24/turn               f - ring of willpower
MPRegen 0.17/turn               k - +4 ring of evasion

@: freezing walls
A: permanent stasis, dig shafts and tunnels, antennae 3, four strong arms, agile
1, clarity, poison resistance, MP-powered wands
a: Dig, Shaft Self, Renounce Religion, Unearth Wretches


You were on level 10 of the Dungeon.
You worshipped Kikubaaqudgha.
Kikubaaqudgha was most pleased with you.
You visited 2 branches of the dungeon, and saw 12 of its levels.

You collected 548 gold pieces.
You spent 187 gold pieces at shops.

Inventory:

Hand Weapons
 a - the +7 lajatang of Waneot (weapon) {vorpal, +Blink rPois rC+ Str+4}
   (You found it on level 8 of the Dungeon)

   It inflicts extra damage upon your enemies.
   Str:       It affects your strength (+4).
   rC:        It protects you from cold.
   rPois:     It protects you from poison.
   +Blink:    It lets you blink.
 b - a +0 arbalest
Missiles
 d - a curare-tipped dart
 s - 2 javelins
 L - 4 throwing nets
Armour
 g - a +0 cloak (worn)
 i - a +0 pair of boots (worn)
 o - a +0 troll leather armour (worn)
 A - a +0 pair of gloves (worn)
 M - the +0 kite shield "Kisavux" (worn) {rN+}
   (You found it on level 9 of the Dungeon)

   rN:        It protects you from negative energy.
Jewellery
 f - a ring of willpower (left hand)
 k - a +4 ring of evasion (right hand)
 E - a ring of ice
Wands
 v - a wand of roots (4)
 w - a wand of light (9)
Scrolls
 h - 2 scrolls of brand weapon {unknown}
 n - a scroll of blinking {unknown}
 r - a scroll of immolation {unknown}
 x - a scroll of enchant armour {unknown}
 z - a scroll of identify
 F - a scroll of summoning {unknown}
 G - 3 scrolls of poison
 H - a scroll of enchant weapon {unknown}
 I - 2 scrolls of silence {unknown}
 J - 2 scrolls of fear {unknown}
Potions
 c - 2 potions of brilliance {unknown}
 j - 3 potions of curing
 l - 2 potions of flight {unknown}
 m - 2 potions of haste {unknown}
 q - 2 potions of cancellation {unknown}
 t - 4 potions of magic
 u - 3 potions of degeneration {unknown}
 y - a potion of might
 B - 2 potions of heal wounds {unknown}
 C - a potion of resistance {unknown}
 D - 2 potions of mutation
 O - a potion of attraction {unknown}


   Skills:
 - Level 7.1 Fighting
 - Level 7.0 Armour
 - Level 5.1 Dodging
 - Level 2.4 Stealth
 - Level 9.0 Shields
 - Level 7.0 Spellcasting
 - Level 6.0 Conjurations
 * Level 5.3 Necromancy
 - Level 8.0 Ice Magic
 * Level 0.0 Earth Magic


You had 7 spell levels left.
You knew the following spells:

 Your Spells              Type           Power      Damage    Failure   Level
a - Searing Ray           Conj           68%        2d6       2%          2
b - Frozen Ramparts       Ice            84%        1d13      2%          3
c - Magic Dart            Conj           100%       1d8       1%          1
d - Borgnjor's Vile Clut  Necr/Erth      9%         N/A       87%         5
e - Dispel Undead         Necr           31%        3d14      22%         4
z - Sublimation of Blood  Necr           31%        N/A       3%          2

Your spell library contained the following spells:

 Spells                   Type           Power      Damage    Failure   Level
 Freeze                   Ice            100%       1d11      1%          1
 Necrotise                Necr           100%       1d9       2%          1
 Ensorcelled Hibernation  Hex/Ice        50%        N/A       5%          2
 Hailstorm                Conj/Ice       38%        3d9       11%         4
 Dazzling Flash           Conj/Hex       40%        N/A       17%         3
 Summon Small Mammal      Summ           28%        N/A       19%         1
 Animate Dead             Necr           31%        N/A       22%         4
 Call Canine Familiar     Summ           7%         N/A       50%         3
 Spider Form              Tmut/Pois      7%         N/A       50%         3
 Summon Guardian Golem    Hex/Summ       7%         N/A       50%         3
 Fulminant Prism          Conj/Hex       10%        3d9       50%         4
 Iskenderun's Mystic Bla  Conj/Tloc      20%        2d6       50%         4
 Agony                    Necr           31%        N/A       52%         5
 Anguish                  Hex/Necr       9%         N/A       54%         4
 Corpse Rot               Necr/Pois/Air  15%        N/A       67%         4
 Death Channel            Necr           15%        N/A       97%         6
 Manifold Assault         Tloc           7%         N/A       99%         5
 Storm Form               Tmut/Air       3%         N/A       100%        7
 Blink                    Tloc           Unusable   N/A       N/A         2

Dungeon Overview and Level Annotations

Branches:
Dungeon (11/15)            Temple (1/1) D:4
   Lair: D:8-11         Orc: D:9-12

Altars:
Ashenzari
Cheibriados
Dithmenos
Elyvilon
Fedhas
Gozag
Hepliaklqana
Kikubaaqudgha
Makhleb
Nemelex Xobeh
Okawaru
Qazlal
Ru
Sif Muna
Trog
Uskayaw
Vehumet
Wu Jian
Xom
Yredelemnul
Zin
The Shining One

Shops:
D:1 [   D:5 *

Annotations:
D:8 grerr's ghost, novice FoEE
D:10 Lodul


Innate Abilities, Weirdness & Mutations

You cannot be hasted, slowed, berserked, paralysed or teleported.
You can dig through walls and to a lower floor.
You have a pair of large antennae on your head. (SInv)
Your four strong arms can wield two-handed weapons with a shield.
You are agile. (Dex +4, Str/Int -1)
You possess an exceptional clarity of mind.
Your system is resistant to poisons. (rPois)
You expend magic power (3 MP) to strengthen your wands.


Message History

You close the door.
Something unseen opens the door.
You feel better. You block the steam dragon's attack.
The steam dragon claws you but does no damage.
Casting: Frozen Ramparts (mildly dangerous; 2% risk of failure)
Confirm with . or Enter, or press ? or * to list all spells.
Casting: Frozen Ramparts (mildly dangerous; 2% risk of failure)
Press: ? - help, Dir - look around, f - activate The walls around you are covered in ice.
The wall freezes the wraith but does no damage.
The wall freezes the steam dragon!
The steam dragon barely misses you. The steam dragon misses you.
You hit the steam dragon.
The steam dragon is heavily wounded.
The wall freezes the steam dragon!
You block the steam dragon's attack.
The steam dragon claws you but does no damage.
You barely miss the steam dragon.
The steam dragon is severely wounded.
The wraith resists.
The wall freezes the wraith.
The wall freezes the steam dragon but does no damage.
The steam dragon breathes steam at you. The ball of steam hits you!
The wall freezes the steam dragon.
You block the steam dragon's attack. The steam dragon closely misses you.
You feel better.
You are engulfed in a cloud of scalding steam.
The wall freezes the wraith but does no damage.
The wall freezes the steam dragon but does no damage.
The steam dragon barely misses you. You block the steam dragon's attack.
You hit the steam dragon.
The steam dragon is severely wounded.
You are engulfed in a cloud of scalding steam.
You die...
Kikubaaqudgha rasps: "You have failed me!
Welcome... death!"

*,,............# *,,,
*,,............# *,,,
*,,,...........###########,*
****##....................,*
#.........>........#,,,
#......W.......>...#,,,
*#.....{......))....#,,*
#..).#D#######†.....#***
#....#.@.....'†.....#
#....#..§....#......#
*..,,######..#......####
****** #..###'##.....
#.......#.....
#.............
#.....≈≈≈≈≈≈≈≈
#.....≈.......
#..##.≈.§§≈§..


You could see a steam dragon.

Vanquished Creatures
  3 two-headed ogres
  A gargoyle (D:9)
  A kobold demonologist (D:10)
  A troll (D:10)
  A shadow (D:10)
  A wyvern (D:6)
  10 yaks (D:10)
  A steam dragon (D:9)
  An acid dragon (D:9)
  2 water moccasins
  2 black bears
  3 ice beasts
  3 sky beasts
  9 ogres
  An orc warrior (D:9)
  7 centaurs
  3 phantoms
  A kobold brigand (D:10)
  2 necrophages (D:7)
  Blork the orc (D:6)
  3 bullfrogs
  2 gnoll sergeants
  4 scorpions
  15 wights
  10 killer bees
  A vampire bat (D:3)
  5 jellies
  7 hounds
  7 orc priests
  3 iguanas
  13 orc wizards
  14 gnolls
  5 adders
  6 white imps
  3 ufetubi
  A worm (D:7)
  4 dart slugs
  37 orcs
  11 ball pythons
  13 bats
  3 endoplasms
  A giant cockroach (D:1)
  4 goblins
  7 hobgoblins
  2 jackals (D:1)
  6 kobolds
  5 quokkas
  6 frilled lizards
  6 rats
258 creatures vanquished.

Vanquished Creatures (others)
  An orc wizard (D:6)
  2 plants (D:1)
3 creatures vanquished.

Grand Total: 261 creatures vanquished

Notes
Turn   | Place    | Note
-------+----------+-------------------------------------------
     0 | D:1      | DildoBatman the Formicid Conjurer began the quest for the
                  | Orb.
     0 | D:1      | Reached XP level 1. HP: 13/13 MP: 3/3
   216 | D:1      | Reached XP level 2. HP: 20/20 MP: 1/5
   219 | D:1      | Learned a level 2 spell: Searing Ray
   328 | D:1      | Found Qosiegis's Armour Boutique.
   411 | D:1      | Reached skill level 1 in Fighting
   411 | D:1      | Reached skill level 1 in Armour
   414 | D:1      | Reached XP level 3. HP: 12/26 MP: 2/6
   836 | D:2      | Reached XP level 4. HP: 32/32 MP: 2/8
  1144 | D:2      | Found a faded altar of an unknown god.
  1691 | D:3      | Found a hazy altar of Hepliaklqana.
  1713 | D:3      | Reached XP level 5. HP: 20/38 MP: 3/9
  1901 | D:3      | Found a stormy altar of Qazlal.
  2256 | D:3      | Reached XP level 6. HP: 46/46 MP: 11/11
  2513 | D:4      | Found a staircase to the Ecumenical Temple.
  2530 | Temple   | Entered the Ecumenical Temple
  2596 | D:4      | Reached XP level 7. HP: 24/52 MP: 0/13
  2821 | D:4      | Reached skill level 5 in Conjurations
  3175 | D:4      | Found a blossoming altar of Fedhas.
  3339 | D:5      | Entered Level 5 of the Dungeon
  3407 | D:5      | Reached skill level 5 in Spellcasting
  3497 | D:5      | Reached XP level 8. HP: 52/58 MP: 9/15
  3955 | D:5      | Found a radiant altar of Vehumet.
  4531 | D:5      | Found Woof Iqa's Assorted Antiques.
  4610 | D:5      | Found a glowing golden altar of the Shining One.
  4769 | D:5      | Bought 2 blue potions for 50 gold pieces
  4769 | D:5      | Bought a scroll labelled NIELUW KIGUBRI for 28 gold pieces
  4769 | D:5      | Bought a scroll labelled FURHOLIMU JISK for 28 gold pieces
  4769 | D:5      | Bought a scroll labelled EFUDGH MULUESUHA for 28 gold
                  | pieces
  4769 | D:5      | Bought a fizzy emerald potion for 25 gold pieces
  4769 | D:5      | Bought a scroll labelled VAQAB OVOD for 28 gold pieces
  4855 | D:6      | Found an ancient bone altar of Kikubaaqudgha.
  4863 | D:6      | Became a worshipper of Kikubaaqudgha
  4887 | D:6      | Reached XP level 9. HP: 46/65 MP: 9/19
  5108 | D:6      | Reached skill level 5 in Fighting
  5108 | D:6      | Reached skill level 5 in Armour
  5342 | D:6      | Reached skill level 1 in Necromancy
  5623 | D:6      | Noticed Blork the orc
  5630 | D:6      | Killed Blork the orc
  5644 | D:6      | Noticed a two-headed ogre
  6000 | D:7      | Found a sacrificial altar of Ru.
  6001 | D:7      | Reached * piety under Kikubaaqudgha
  6001 | D:7      | Received a gift from Kikubaaqudgha
  6102 | D:7      | Reached XP level 10. HP: 47/76 MP: 9/20
  6616 | D:7      | Found a snail-covered altar of Cheibriados.
  6746 | D:7      | Learned a level 3 spell: Frozen Ramparts
  6876 | D:8      | Reached skill level 1 in Ice Magic
  6991 | D:8      | Identified the +7 lajatang of Waneot {vorpal, +Blink rPois
                  | rC+ Str+4}
  7104 | D:8      | You fall into a shaft and drop 3 floors!
  7290 | D:10     | Entered Level 10 of the Dungeon
  7296 | D:10     | Noticed Lodul
  7677 | D:8      | Reached ** piety under Kikubaaqudgha
  7684 | D:8      | Reached skill level 5 in Ice Magic
  7833 | D:8      | Found a shimmering blue altar of Sif Muna.
  7889 | D:8      | Found a shadowy altar of Dithmenos.
  8217 | D:8      | Noticed grerr's ghost (novice FoEE)
  8218 | D:8      | Found a transporter.
  8221 | D:8      | Identified the +4 giant club of the Hierophant {venom,
                  | SInv}
  8221 | D:8      | Noticed a two-headed ogre
  8222 | D:8      | Found a transporter.
  8288 | D:9      | Found a broken altar of Ashenzari.
  8297 | D:9      | Found a sparkling altar of Nemelex Xobeh.
  8426 | D:9      | Noticed a two-headed ogre
  8607 | D:9      | Noticed a two-headed ogre
  9134 | D:9      | Identified the +0 kite shield "Kisavux" {rN+}
  9161 | D:9      | Killed a two-headed ogre
  9162 | D:9      | Reached skill level 3 in Shields
  9162 | D:9      | Reached XP level 11. HP: 40/83 MP: 9/21
  9258 | D:9      | Killed a two-headed ogre
  9259 | D:9      | Reached skill level 4 in Shields
  9316 | D:9      | Reached skill level 5 in Shields
  9444 | D:9      | Reached skill level 6 in Shields
  9473 | D:9      | Found a shimmering altar of Xom.
  9861 | D:6      | Killed a two-headed ogre
  9862 | D:6      | Reached skill level 7 in Shields
  9995 | D:8      | Learned a level 2 spell: Sublimation of Blood
 10042 | D:10     | Reached skill level 8 in Shields
 10290 | D:10     | Reached skill level 9 in Shields
 10387 | D:10     | Found a bloodstained altar of Trog.
 10421 | D:10     | Reached skill level 5 in Dodging
 10450 | D:10     | Reached *** piety under Kikubaaqudgha
 10450 | D:10     | Received a gift from Kikubaaqudgha
 10454 | D:10     | Noticed a soul eater
 10474 | D:10     | Gained mutation: You are agile. (Dex +4, Str/Int -1)
                  | [potion of mutation]
 10474 | D:10     | Gained mutation: You possess an exceptional clarity of
                  | mind. [potion of mutation]
 10474 | D:10     | Gained mutation: Your system is resistant to poisons.
                  | (rPois) [potion of mutation]
 10474 | D:10     | Gained mutation: You expend magic power (3 MP) to
                  | strengthen your wands. [potion of mutation]
 10533 | D:10     | Reached skill level 5 in Necromancy
 10541 | D:10     | Learned a level 5 spell: Borgnjor's Vile Clutch
 10546 | D:10     | Learned a level 4 spell: Dispel Undead
 10567 | D:10     | HP: 3/84 [steam dragon/ball of steam (10)]
 10569 | D:10     | Engulfed by a steam dragon's steam

Illustrated notes

Levels and vault maps discovered:
D:1:      scummos_arrival_simple_crosswalls, layout_basic, serial_shops,
          nicolae_shop_window_shopping, roderic_st_hans_cross,
          serial_bayou_ford_a
D:2:      layout_basic, shapermc_ecumenical_altar_mp_vishouse
D:3:      layout_basic, lemuel_doored_altar, mainiacjoe_overflow_brackets,
          roderic_batcave
D:4:      layout_basic, fedhas_ov_isle_minmay, minmay_temple_entry_steel_oval
D:5:      layout_gridville, mainiacjoe_overflow_tiny_flanked,
          mainiacjoe_overflow_alcove_4, serial_shops, nicolae_shop_trees
D:6:      layout_gridville, kiku_gazebo_pond_becter, chequers_garden,
          grunt_ministairs_9, minmay_increasing_density, uniq_blork_the_orc
D:7:      layout_loops_ring, nicolae_ru_great_annihilating_truth, slow_altar_2
D:8:      layout_loops_ring, nicolae_overflow_crystal_walls,
          grunt_dithmenos_shadows, gammafunk_ghost_smash
D:9:      layout_loops_ring, tgw_xom, mainiacjoe_overflow_swirl
D:10:     layout_gridville, mainiacjoe_overflow_concentric_impassable,
          uniq_lodul
D:11:     layout_roguey, minmay_lair_entry_grove, orc_0_dummy
Temple:   hellmonk_temple_rainy

Skill      XL: |  1  2  3  4  5  6  7  8  9 10 11 |
---------------+----------------------------------+-----
Dodging        | 2 4 5 |  5.1
Fighting       | 1 2 3 4 6 7 |  7.1
Armour         | 1 2 3 4 6 7 |  7.0
Conjurations   | 4 5 6 |  6.0
Spellcasting   | 3 4 5 7 |  7.0
Necromancy     | 2 5 |  5.3
Ice Magic      | 7 8 |  8.0
Shields        | 3 9 |  9.0
Stealth        | |  2.4

Action                   |  1- 3 |  4- 6 |  7- 9 | 10-12 || total
-------------------------+-------+-------+-------+-------++-------
Melee: Unarmed           |    14 |       |       |       ||    14
       Short sword       |    22 |    25 |       |       ||    47
       Punch             |     1 |       |     1 |       ||     2
       Dagger            |       |       |    43 |       ||    43
       Scimitar          |       |       |    14 |     3 ||    17
       Lajatang          |       |       |       |    82 ||    82
 Fire: Sling             |       |    67 |    83 |       ||   150
       Shortbow          |       |       |    10 |    19 ||    29
       Arbalest          |       |       |       |    39 ||    39
 Cast: Magic Dart        |    28 |    19 |    21 |    14 ||    82
       Searing Ray       |     3 |    13 |    59 |    38 ||   113
       Frozen Ramparts   |       |       |       |    35 ||    35
 Abil: Dig               |       |       |       |     3 ||     3
  Use: Scroll            |       |       |     7 |     3 ||    10
       Potion            |       |       |       |     3 ||     3
 Stab: Sleeping          |     1 |       |       |     1 ||     2
       Invisible         |       |       |     1 |       ||     1
       Paralysed         |       |       |     1 |       ||     1
Armor: Robe              |    16 |    28 |    34 |    30 ||   108
       Troll leather arm |       |       |       |     6 ||     6
Dodge: Dodged            |    30 |    67 |   113 |   146 ||   356
Block: Kite shield       |       |       |       |    59 ||    59
